 Dungeon Crawl Stone Soup version 0.30-a0-1114-gd936c97349 (webtiles) character file.

Game seed: 3475509604647164017

323 senseless the Shooter (level 6, 0/36 HPs)
             Began as a Deep Elf Hunter on Apr 20, 2023.
             Slain by Grinder (6 damage)
             ... in a sewer.
             The game lasted 00:07:27 (2168 turns).

senseless the Shooter (Deep Elf Hunter)             Turns: 2168, Time: 00:07:28

Health: 0/36       AC:  6    Str:  8    XL:     6   Next: 23%
Magic:  21/22      EV: 14    Int: 14    God:
Gold:   185        SH:  0    Dex: 20    Spells: 11/11 levels left

rFire   . . .      SeeInvis .    a - +0 shortbow
rCold   . . .      Faith    .    (shield currently unavailable)
rNeg    . . .      Spirit   .    f - +2 robe
rPois   .          Reflect  .    (no helmet)
rElec   .          Rampage  .    (no cloak)
rCorr   .                        (no gloves)
Will    ++...                    c - +1 pair of boots of Untold Secrets {Will++}
Stlth   +++                      (no amulet)
HPRegen 0.26/turn                s - ring of magical power
MPRegen 0.18/turn                (no ring)

@: no status effects
A: no striking features
a: no special abilities


You were in a sewer.
You visited 1 branch of the dungeon, and saw 4 of its levels.
You also visited: Sewer.

You collected 185 gold pieces.

Inventory:

Hand Weapons
 a - a +0 shortbow (weapon)
 b - a +0 dagger of freezing
 g - a +2 dagger of electrocution
Armour
 c - the +1 pair of boots of Untold Secrets (worn) {Will++}
   (You acquired it on level 4 of the Dungeon)

   Will:      It greatly increases your willpower.
 f - a +2 robe (worn)
Magical Staves
 m - a staff of conjuration
Jewellery
 s - a ring of magical power (left hand)
Scrolls
 d - a scroll of poison
 h - 2 scrolls of immolation
Potions
 e - 2 potions of curing
 o - a potion of mutation {unknown}
 r - a potion of invisibility


   Skills:
 + Level 2.7 Fighting
 + Level 6.4 Ranged Weapons
 + Level 4.1 Dodging
 + Level 3.8 Stealth
 + Level 3.3 Spellcasting


You had 11 spell levels left.
You didn't know any spells.
Your spell library was empty.

Dungeon Overview and Level Annotations

Branches:
Dungeon (4/15)              Sewer (1/1)
 Temple: D:4-7

Altars:
Qazlal
Vehumet

Annotations:
Sewer Grinder


Message History

The arrow hits the quasit.
The quasit is moderately wounded.
The quasit bites you but does no damage.
The quasit closely misses you. The quasit claws you.
The quasit barely misses you. The quasit misses you.
The quasit completely misses you.
You shoot an arrow. The arrow barely misses the quasit.
The arrow hits Grinder.
Grinder is lightly wounded.
The quasit bites you but does no damage.
The quasit closely misses you. The quasit claws you.
You shoot an arrow. The arrow misses the quasit.
The arrow hits Grinder.
Grinder is moderately wounded.
The quasit misses you. The quasit completely misses you.
The quasit barely misses you.
A kobold comes into view.
It is wielding a +0 whip and quivering poisoned darts.
You shoot an arrow. The arrow closely misses Grinder.
The arrow misses the quasit.
Okay, then.
You shoot an arrow. The arrow closely misses Grinder.
The arrow hits the quasit!
You kill the quasit!
Grinder gestures at you. You resist with almost no effort.
You shoot an arrow. The arrow hits Grinder!
Grinder is heavily wounded.
Grinder closely misses you. Grinder hits you but does no damage.
You shoot an arrow. The arrow closely misses Grinder.
The arrow hits the ufetubus!
You kill the ufetubus!
Grinder hits you!
You writhe in agony.
You shoot an arrow.
The arrow hits Grinder but does no damage.
Grinder is heavily wounded.
Grinder hits you.
You writhe in agony.
You shoot an arrow. The arrow hits Grinder.
Grinder is heavily wounded.
Grinder hits you!
* * * LOW HITPOINT WARNING * * *
You writhe in agony.
You die...

≈≈≈≈≈≈≈≈~.).≈≈#
≈≈≈≈≈≈≈≈≈≈≈≈.#.~~# ..≈#
≈≈≈≈≈≈≈≈≈≈≈..#.~≈# ..≈#
≈≈≈≈≈≈≈≈≈≈≈≈.#.~~# ...≈#
≈≈≈≈≈≈≈≈~~≈..#.~≈# '''##
≈≈≈≈≈≈≈≈≈~...#..≈# .....#
#≈#≈≈###≈#.####.###..§...
...........≈≈#...#K....§.
......)...≈≈≈≈))@5K§._...
...........≈≈#..(#K....§.
≈##≈##≈###.####.###..§...
~≈~≈≈≈≈≈≈≈...#..~# .....#
≈≈≈≈≈≈≈≈≈≈...#.~~# '''##
≈≈≈≈≈≈≈≈≈≈≈..#.~≈# ...~#
≈≈≈≈≈≈≈≈≈≈≈~.#..≈# ..≈#
≈≈≈≈≈≈≈≈≈≈≈..#..≈# ..≈#
≈≈≈≈≈≈≈≈≈≈≈..'..≈#


You could see Grinder, a kobold brigand and 2 kobolds.

Vanquished Creatures
  A kobold brigand (Sewer)
  A quasit (Sewer)
  Jessica (D:2)
  4 gnolls
  An adder (D:2)
  2 shadow imps (Sewer)
  3 ufetubi (Sewer)
  5 worms
  2 dart slugs
  2 bat zombies (Sewer)
  2 endoplasms
  2 giant cockroaches
  4 goblins
  11 hobgoblins
  9 jackals
  8 quokkas
  10 ball pythons
  8 bats
  4 frilled lizards
  11 kobolds
  3 rats
94 creatures vanquished.

Notes
Turn   | Place    | Note
-------+----------+-------------------------------------------
     0 | D:1      | senseless the Deep Elf Hunter began the quest for the Orb.
     0 | D:1      | Reached XP level 1. HP: 12/12 MP: 3/3
    88 | D:1      | Reached XP level 2. HP: 14/17 MP: 5/5
   157 | D:1      | Reached skill level 1 in Spellcasting
   361 | D:1      | Reached XP level 3. HP: 21/21 MP: 7/7
   750 | D:1      | Reached XP level 4. HP: 4/26 MP: 7/9
   933 | D:2      | Noticed Jessica
   941 | D:2      | Killed Jessica
  1031 | D:2      | Reached skill level 6 in Ranged Weapons
  1223 | D:3      | Reached XP level 5. HP: 31/31 MP: 10/10
  1410 | D:3      | Found a radiant altar of Vehumet.
  1520 | D:3      | Found a stormy altar of Qazlal.
  1980 | D:4      | Identified a scroll of acquirement
  1980 | D:4      | Acquired the +1 pair of boots of Untold Secrets {Will++}
  1998 | D:4      | Found a glowing drain.
  2002 | Sewer    | Entered a sewer
  2121 | Sewer    | Reached XP level 6. HP: 36/36 MP: 12/12
  2135 | Sewer    | Found a burning altar of Makhleb.
  2156 | Sewer    | Noticed Grinder
  2168 | Sewer    | Slain by Grinder

Illustrated notes

Levels and vault maps discovered:
D:1:      dpeg_arrival_rhombus, layout_rooms
D:2:      layout_rooms, item_on_display_a, uniq_jessica
D:3:      minmay_door_path, layout_basic, fiery_altar_vehumet,
          nicolae_qazlal_scattered_showers, corner_web_ring, nrook_campfire,
          chequers_jeans
D:4:      layout_gridville, trog_book, gup_sewer_entry_bowl, uniq_edmund
Sewer:    kennysheep_sewer_church

Skill      XL: |  1  2  3  4  5 |
---------------+----------------+-----
Spellcasting   | 1 2 3 |  3.3
Stealth        | 2 3 |  3.8
Dodging        | 3 4 |  4.1
Fighting       | 2 |  2.7
Ranged Weapons | 6 |  6.4

Action                     |  1- 3 |  4- 6 || total
---------------------------+-------+-------++-------
   Fire: Shortbow          |    97 |   175 ||   272
    Use: Scroll            |       |     8 ||     8
 Armour: Leather armour    |    17 |     2 ||    19
         Robe              |       |    25 ||    25
  Dodge: Dodged            |    33 |    66 ||    99

Table legend: (Time is in decaauts)
 A = Elapsed time spent in this place.
 B = Non-inter-level travel time spent in this place.
 C = Inter-level travel time spent in this place.
 D = Time resting spent in this place.
 E = Time spent auto-exploring this place.
 F = Levels seen in this place.
 G = Mean time per level.
                   A        B        C        D        E       F      G
               +--------+--------+--------+--------+--------+-----+--------+
         Total |   2239 |   2064 |    175 |    100 |   1359 |   5 |  447.8 |
       Dungeon |   2059 |   1884 |    175 |    100 |   1289 |   4 |  514.8 |
         Sewer |    180 |    180 |      0 |      0 |     70 |   1 |  180.0 |
               +--------+--------+--------+--------+--------+-----+--------+

Top non-repeatable levels by time:
     D:1: 746 daAuts
     D:3: 734 daAuts
     D:2: 505 daAuts
   Sewer: 180 daAuts
     D:4: 72 daAuts
